 Dungeon Crawl Stone Soup version 0.17.0-28-g6e173f8 (webtiles) character file.

6398 youngkai the Cleaver (level 10, -2/91 HPs)
             Began as a Minotaur Berserker on Nov 24, 2015.
             Was a High Priest of Trog.
             Slain by a yak (3 damage)
             ... on level 1 of the Lair of Beasts on Nov 25, 2015.
             The game lasted 00:25:45 (7033 turns).

youngkai the Cleaver (Minotaur Berserker)           Turns: 7033, Time: 00:25:46

Health: -2/91      AC: 16    Str: 33    XL:     10   Next: 66%
Magic:  9/9        EV: 11    Int:  4    God:    Trog [*****.]
Gold:   576        SH:  0    Dex: 10    Spells: 0 memorised, 9 levels left

rFire  . . .     SeeInvis .     E - +2 battleaxe of Cune Axtul {chop, *Noise rN+ Str+6}
rCold  + . .     Clarity  .     r - +0 plate armour
rNeg   + . .     SustAt   .     (shield currently unavailable)
rPois  .         Gourm    +     (helmet restricted)
rElec  .         Spirit   .     G - +1 cloak
rCorr  .         Warding  .     (no gloves)
rMut   .         Stasis   .     (no boots)
MR     ++...                    b - amulet "Hemaichyki" {Gourm Str+2}
Stlth  ..........               g - ring of stealth
                                p - ring of protection from cold

@: exhausted, about to teleport, regenerating, slowed, very slow, very resistant
to hostile enchantments, extremely unstealthy
A: retaliatory headbutt, horns 2
a: Berserk, Trog's Hand, Brothers in Arms, Burn Spellbooks, Renounce Religion


You were on level 1 of the Lair of Beasts.
You worshipped Trog.
Trog was extremely pleased with you.
You were very full.

You visited 2 branches of the dungeon, and saw 10 of its levels.

You collected 576 gold pieces.

Inventory:

Hand Weapons
 D - a +2 war axe of electrocution
 E - the +2 battleaxe of Cune Axtul (weapon) {chop, *Noise rN+ Str+6}
   (Trog gifted it to you on level 9 of the Dungeon)

   It inflicts extra damage upon your enemies.
   It affects your strength (+6).
   It protects you from negative energy.
   It may make noises in combat.
Armour
 r - a +0 plate armour (worn)
 G - a +1 cloak (worn)
Jewellery
 b - the amulet "Hemaichyki" (around neck) {Gourm Str+2}
   (You found it on level 7 of the Dungeon)

   [amulet of the gourmand]

   It allows you to eat raw meat even when not hungry.
   It affects your strength (+2).
 g - a ring of stealth (right hand)
 p - a ring of protection from cold (left hand)
Wands
 s - a wand of fire (8)
 x - a wand of digging (21)
Scrolls
 d - 6 scrolls of enchant weapon
 h - 4 scrolls of remove curse
 j - 3 scrolls of teleportation
 t - a scroll of enchant armour
 z - 2 scrolls of fog
Potions
 a - a potion of flight
 e - 3 potions of curing
 i - 2 potions of agility
 k - a potion of cancellation
 l - a potion of haste
 q - a potion of magic
 w - 3 potions of brilliance
 B - 2 potions of resistance
 K - a potion of invisibility
 L - a potion of might
Comestibles
 c - 6 bread rations
 f - 3 meat rations
 m - 12 royal jellies
 n - 2 beef jerkies
 o - 10 chunks of flesh
 H - 4 fruits


   Skills:
 + Level 9.2 Fighting
 * Level 12.6 Axes
 + Level 8.9 Armour
 + Level 8.4 Dodging


You had 9 spell levels left.
You didn't know any spells.

Dungeon Overview and Level Annotations

Branches:
Dungeon (9/15)             Temple (0/1) D:7            Lair (1/8) D:9
    Orc (0/4) D:9

Altars:
Ashenzari
Cheibriados
Okawaru
Sif Muna
Xom
Zin
The Shining One

Shops:
D:6 ?   D:8 [


Innate Abilities, Weirdness & Mutations

You reflexively headbutt those who attack you in melee.
You have a pair of horns on your head.


Message History

The river rat closely misses you.
You slice the komodo dragon!!
Your battleaxe of Cune Axtul raves incoherently.
You kill the komodo dragon!
Trog accepts your kill.
You slash the yak!
The yak is moderately wounded.
You closely miss the yak. You hit the river rat.
You kill the river rat!
Trog accepts your kill. The yak gores you but does no damage.
The yak barely misses you. The yak closely misses you.
Read which item? (? for menu, Esc to quit)
As you read the scroll of teleportation, it crumbles to dust.
You feel strangely unstable.
The iguana bites you but does no damage.
The yak gores you!
* * * LOW HITPOINT WARNING * * *
The yak gores you.
You die...

...≈≈≈≈≈≈≈≈≈≈≈...###.............
....≈÷≈≈≈≈≈≈≈.....#.####.........
....≈≈≈≈≈≈≈.≈.......## ##........
###.....≈≈...........# #........
#########..........# #.........
#......)†...# ##........
#...........# P...>....
......l†....# #........
.....YY@....# ####.....
......Y†Y...# .###. .....Y.....##
## ...Y........# [...........#
.............# #.............#
###..........##


You could see 6 yaks and an iguana.

Vanquished Creatures
  Fannar (Lair:1)
  A komodo dragon (Lair:1)
  Grinder (D:5)
  A steam dragon (D:9)
  The ghost of Statics the Poker, an amateur MfGl (D:4)
  2 hungry ghosts
  Edmund (D:5)
  4 orc warriors
  3 porcupines (Lair:1)
  A necrophage (D:9)
  Duvessa (D:6)
  2 sky beasts
  5 water moccasins
  3 ice beasts
  3 crocodiles
  2 centaurs
  2 ogres (D:9)
  6 giant frogs
  2 scorpions
  Dowan (D:6)
  3 killer bees (D:9)
  2 crimson imps
  A giant frog zombie (D:7)
  3 hounds
  A centaur zombie (D:5)
  A centaur skeleton (D:9)
  10 orc wizards
  4 jellies
  4 orc priests
  2 giant frog skeletons
  5 iguanas
  5 worker ants
  4 sheep (Lair:1)
  A hound zombie (D:6)
  A hound skeleton (D:9)
  11 adders
  10 river rats (Lair:1)
  7 oozes
  An adder skeleton (D:5)
  An adder zombie (D:9)
  3 worms
  34 orcs
  4 giant cockroaches
  3 goblins
  6 hobgoblins
  11 kobolds
  4 quokkas
  3 ball pythons
  11 bats
  10 giant geckos
  3 giant newts
  19 jackals
  A quokka skeleton (D:4)
  A quokka zombie (D:6)
  2 rats
235 creatures vanquished.

Vanquished Creatures (others)
  5 fungi (D:4)
5 creatures vanquished.

Grand Total: 240 creatures vanquished

Notes
Turn   | Place    | Note
--------------------------------------------------------------
     0 | D:1      | youngkai the Minotaur Berserker began the quest for the Orb.
     0 | D:1      | Reached XP level 1. HP: 19/19 MP: 0/0
    53 | D:1      | You fall through a shaft!
    71 | D:2      | Reached skill level 4 in Axes
    71 | D:2      | Reached XP level 2. HP: 22/27 MP: 1/1
   561 | D:1      | Reached XP level 3. HP: 33/33 MP: 2/2
   635 | D:1      | Reached ** piety under Trog
   812 | D:1      | Found an iron altar of Okawaru.
  1338 | D:2      | Reached XP level 4. HP: 40/40 MP: 3/3
  1517 | D:3      | Reached skill level 5 in Axes
  1595 | D:3      | Reached *** piety under Trog
  1595 | D:3      | Reached XP level 5. HP: 36/46 MP: 4/4
  1815 | D:3      | Paralysed by an orc for 7 turns
  1927 | D:4      | Found an iron altar of Okawaru.
  2001 | D:4      | Noticed Statics's ghost (amateur MfGl)
  2012 | D:4      | Killed Statics's ghost
  2012 | D:4      | Reached skill level 6 in Axes
  2012 | D:4      | Reached XP level 6. HP: 53/53 MP: 5/5
  2757 | D:5      | Entered Level 5 of the Dungeon
  2779 | D:5      | Noticed a hungry ghost
  2795 | D:5      | Killed a hungry ghost
  2813 | D:5      | Reached skill level 5 in Fighting
  2813 | D:5      | Reached skill level 7 in Axes
  2813 | D:5      | Reached XP level 7. HP: 34/61 MP: 6/6
  2863 | D:5      | Noticed a water moccasin
  2867 | D:5      | Killed a water moccasin
  2871 | D:5      | Noticed Edmund
  2886 | D:5      | HP: 1/61 [Edmund/flail of draining (4)]
  2895 | D:5      | Killed Edmund
  2895 | D:5      | Reached skill level 5 in Armour
  3185 | D:5      | Noticed Grinder
  3191 | D:5      | Paralysed by Grinder for 3 turns
  3211 | D:5      | Killed Grinder
  3211 | D:5      | Reached skill level 8 in Axes
  3211 | D:5      | Reached skill level 5 in Dodging
  3211 | D:5      | Reached XP level 8. HP: 9/70 MP: 7/7
  3390 | D:5      | Found an iron altar of Okawaru.
  3531 | D:5      | Found a glowing golden altar of the Shining One.
  3703 | D:6      | Found Engul's Magic Scroll Emporium.
  3707 | D:6      | Reached **** piety under Trog
  3869 | D:6      | Reached skill level 9 in Axes
  4253 | D:6      | Noticed Dowan
  4255 | D:6      | Noticed Duvessa
  4258 | D:6      | Killed Dowan
  4266 | D:6      | Killed Duvessa
  4503 | D:7      | Reached XP level 9. HP: 47/78 MP: 8/8
  4527 | D:7      | Reached skill level 10 in Axes
  4734 | D:7      | Noticed an angel
  4734 | D:7      | Found a glowing silver altar of Zin.
  4734 | D:7      | Found a shimmering altar of Xom.
  4745 | D:7      | Reached ***** piety under Trog
  4806 | D:7      | Found a staircase to the Ecumenical Temple.
  4819 | D:7      | Got a bound jade amulet
  4889 | D:7      | Identified the amulet "Hemaichyki" {Gourm Str+2} (You found it on level 7 of the Dungeon)
  4938 | D:8      | Found Oquff's Armour Emporium.
  5308 | D:8      | Found a shattered altar of Ashenzari.
  5798 | D:9      | Reached skill level 11 in Axes
  5879 | D:9      | Found a staircase to the Orcish Mines.
  5904 | D:9      | Got a warped scale mail
  5915 | D:9      | Identified the cursed +0 scale mail "Cenan" {rElec Int-5 Dex+4} (You found it on level 9 of the Dungeon)
  5915 | D:9      | Lost intelligence.
  5974 | D:9      | Received a gift from Trog
  5978 | D:9      | Got a smoking battleaxe {god gift}
  5979 | D:9      | Identified the +2 battleaxe of Cune Axtul {chop, *Noise rN+ Str+6} (Trog gifted it to you on level 9 of the Dungeon)
  6101 | D:9      | Found a snail-covered altar of Cheibriados.
  6101 | D:9      | Found a deep blue altar of Sif Muna.
  6281 | D:9      | Reached XP level 10. HP: 67/88 MP: 9/9
  6301 | D:9      | Found a staircase to the Lair.
  6741 | Lair:1   | Entered Level 1 of the Lair of Beasts
  6957 | Lair:1   | Reached skill level 12 in Axes
  7002 | Lair:1   | Noticed Fannar
  7014 | Lair:1   | Killed Fannar
  7033 | Lair:1   | HP: 1/91 [yak (10)]
  7033 | Lair:1   | Slain by a yak

Action                   |  1- 3 |  4- 6 |  7- 9 | 10-12 || total
-------------------------+-------+-------+-------+-------++-------
Melee: Hand axe          |    91 |   106 |    96 |       ||   293
       War axe           |       |       |   150 |       ||   150
       Battleaxe         |       |       |    28 |    77 ||   105
Invok: Berserk           |     1 |     2 |     2 |     1 ||     6
       Trog's Hand       |       |       |     2 |     1 ||     3
Evoke: Wand              |       |       |     1 |       ||     1
  Use: Potion            |     1 |       |     2 |     1 ||     4
       Scroll            |       |       |    20 |     6 ||    26
  Eat: Chunk             |     3 |     5 |    28 |     2 ||    38
       Bread ration      |       |     1 |       |       ||     1
